 Dungeon Crawl Stone Soup version 0.30.1-8-g117510f58f (webtiles) character file.

Game seed: 4638290575915947248

179 Cheops the Caller (level 5, -1/35 HPs)
             Began as a Merfolk Summoner on Sept 22, 2023.
             Slain by an orc
             ... wielding a +0 hand axe
              (5 damage)
             ... on level 3 of the Dungeon.
             The game lasted 00:15:03 (5832 turns).

Cheops the Caller (Merfolk Summoner)                Turns: 5832, Time: 00:15:03

Health: -1/35      AC:  6    Str:  8    XL:     5   Next: 59%
Magic:  2/9        EV: 17    Int: 16    God:
Gold:   89         SH:  0    Dex: 15    Spells: 1/10 levels left

rFire   . . .        t - +4 quarterstaff (chaos)
rCold   . . .        (shield currently unavailable)
rNeg    . . .        a - +0 robe
rPois   .            z - +2 hat
rElec   .            i - +0 cloak
rCorr   .            s - +0 pair of gloves
SInv    .            (no boots)
Will    .....        (no amulet)
Stlth   ++           o - +4 ring of slaying
HPRegen 0.25/turn    q - +5 ring of evasion
MPRegen 0.11/turn

%: no passive effects
@: no status effects
A: (nimble swimmer 2), mertail
a: no special abilities


You were on level 3 of the Dungeon.
You visited 1 branch of the dungeon, and saw 3 of its levels.

You collected 89 gold pieces.

Inventory:

Hand Weapons
 j - a +0 dagger
 t - a +4 quarterstaff of chaos (weapon)
Armour
 a - a +0 robe (worn)
 i - a +0 cloak (worn)
 k - a +0 leather armour
 r - a +0 buckler
 s - a +0 pair of gloves (worn)
 z - a +2 hat (worn)
Jewellery
 o - a +4 ring of slaying (left hand)
 q - a +5 ring of evasion (right hand)
 v - a ring of protection from cold
Wands
 n - a wand of flame (26)
Scrolls
 e - 2 scrolls of identify {unknown}
 f - 2 scrolls of teleportation {unknown}
 l - 2 scrolls of fear {unknown}
 p - a scroll of vulnerability {unknown}
 x - a scroll of blinking {unknown}
 y - a scroll of noise {unknown}
Potions
 b - a potion of magic
 c - 4 potions of heal wounds {unknown}
 d - a potion of mutation {unknown}
 g - 2 potions of curing {unknown}
 h - a potion of cancellation {unknown}
 m - a potion of might {unknown}
 u - a potion of invisibility {unknown}
 w - a potion of brilliance {unknown}


   Skills:
 - Level 2.6 Dodging
 - Level 2.1 Stealth
 - Level 3.0 Spellcasting
 + Level 6.2 Summonings


You had one spell level left.
You knew the following spells:

 Your Spells              Type           Power      Damage    Failure   Level
C - Call Canine Familiar  Summ           22%        N/A       4%          3
G - Summon Guardian Gole  Hex/Summ       12%        N/A       16%         3
I - Call Imp              Summ           44%        N/A       2%          2
M - Summon Small Mammal   Summ           88%        N/A       1%          1

Your spell library contained the following spells:

 Spells                   Type           Power      Damage    Failure   Level
 Summon Lightning Spire   Summ/Air       12%        N/A       45%         4
 Volatile Blastmotes      Fire/Tloc      4%         2d10      50%         3
 Summon Forest            Summ/Tloc      6%         N/A       82%         5
 Summon Mana Viper        Hex/Summ       12%        N/A       82%         5
 Fulminant Prism          Conj/Hex       1%         3d5       88%         4
 Iskenderun's Mystic Bla  Conj/Tloc      2%         2d3       88%         4
 Summon Cactus Giant      Summ           11%        N/A       92%         6
 Lee's Rapid Deconstruct  Erth           1%         3d4*      99%         5


Dungeon Overview and Level Annotations

Branches:
Dungeon (3/15)

Altars:


Innate Abilities, Weirdness & Mutations

((You are very nimble when in or above water. (Stealth+, EV+, Speed+++)))
Your lower body shifts to a powerful aquatic tail in water.


Message History

What are your orders? t - Shout!
Orders for allies: a - Attack new target. r - Retreat! s - Stop attacking. g - Guard the area. f - Follow me.
Anything else - Cancel.
Gang up on whom?
Press: ? - help, Dir - move target, f - orc wizard
Aim: an orc wizard, wielding a +3 dagger of speed and wearing a +0 robe (lightly wounded, ally target) Attack!
Your hound bites the orc wizard.
The orc wizard gestures wildly while chanting.
The orc wizard flickers and vanishes!
Deactivating autopickup; reactivate with Ctrl-A.
The orc barely misses you. The orc misses you. The orc misses your hound.
Your cerulean imp barely misses the orc.
The orc hits your hound with a +1 heavy mace!
Your hound dies!
Your hound's corpse disappears in a puff of smoke!
You miss something. Something hits you. The orc misses you.
The orc hits you with a +0 hand axe.
Your cerulean imp hits the orc but does no damage.
You hear some strange, mumbled words.
A puff of flame appears from out of thin air!
The puff of flame hits you.
* * * LOW HITPOINT WARNING * * *
You hit something but do no damage. The orc closely misses you. x2
Your cerulean imp hits the orc with a -2 spear.
The orc hits you with a +0 hand axe.
* * * LOW HITPOINT WARNING * * *
The orc hits you but does no damage. The orc hits you with a +1 heavy mace!
* * * LOW HITPOINT WARNING * * *
Casting: Call Imp (safe; 2% risk of failure)
Confirm with . or Enter, or press ? or * to list all spells.
Your cerulean imp barely misses the orc.
Something hits you.
* * * LOW HITPOINT WARNING * * *
The orc hits you with a +0 mace.
* * * LOW HITPOINT WARNING * * *
The orc hits you with a +0 hand axe.
You die...

# #.#.#.#.####+##.#
########.#.#.#.# #......
.........#.#.#.# #.....#
.........#.#.#.# #.....#
.........#.#>..# #.....#
.........#.....###......
.........#............##
.....h{o!#..............
.....Bo@$..#.........###
##....o....#............
#...5.....#.......#####
#.....###.#########
###### #.# ..# ###
###### #..<.#


You could see 3 orcs, a giant cockroach (ally target), a friendly hound
(summoned) and a friendly cerulean imp (summoned).

Vanquished Creatures
  Crazy Yiuf (D:2)
  Terence (D:3)
  A gnoll (D:3)
  An adder (D:2)
  2 bats
  An endoplasm (D:1)
  2 giant cockroaches
  5 goblins
  3 hobgoblins
  A jackal (D:2)
  4 ball pythons
  A frilled lizard (D:2)
  3 rats
26 creatures vanquished.

Vanquished Creatures (collateral kills)
  2 gnolls (D:3)
  2 adders
  A worm (D:3)
  4 ball pythons
  2 endoplasms
  A giant cockroach (D:1)
  A goblin (D:2)
  A hobgoblin (D:2)
  7 jackals (D:2)
  2 quokkas
  7 bats
  4 frilled lizards
  5 rats (D:1)
39 creatures vanquished.

Grand Total: 65 creatures vanquished

Notes
Turn   | Place    | Note
-------+----------+-------------------------------------------
     0 | D:1      | Cheops the Merfolk Summoner began the quest for the Orb.
     0 | D:1      | Reached XP level 1. HP: 13/13 MP: 3/3
   169 | D:1      | Reached XP level 2. HP: 9/19 MP: 1/5
   480 | D:1      | Learned a level 2 spell: Call Imp
  1211 | D:1      | Reached XP level 3. HP: 17/24 MP: 3/7
  1219 | D:1      | Learned a level 3 spell: Call Canine Familiar
  1808 | D:2      | Found a faded altar of an unknown god.
  1871 | D:2      | Reached skill level 5 in Summonings
  1871 | D:2      | Reached XP level 4. HP: 30/30 MP: 4/8
  2478 | D:2      | Found a runed translucent door.
  2479 | D:2      | Noticed Crazy Yiuf
  2828 | D:2      | Upgraded the game from 0.30.1-6-gbe392663c4 to
                  | 0.30.1-8-g117510f58f
  2891 | D:2      | Learned a level 3 spell: Summon Guardian Golem
  3369 | D:2      | Found a faded altar of an unknown god.
  3766 | D:2      | Killed Crazy Yiuf
  5013 | D:3      | Reached XP level 5. HP: 35/35 MP: 9/9
  5446 | D:3      | Reached skill level 6 in Summonings
  5615 | D:3      | Noticed Terence
  5651 | D:3      | Killed Terence
  5832 | D:3      | Slain by an orc

Illustrated notes

Levels and vault maps discovered:
D:1:      minmay_arrival_arboretum_small, layout_basic
D:2:      layout_loops_corners, hellmonk_ecumenical_altar_dog_temple,
          serial_bayou_lagoon_b, uniq_crazy_yiuf_cottage
D:3:      minmay_inner_zag, layout_basic, uniq_terence

Skill      XL: |  1  2  3  4  5 |
---------------+----------------+-----
Spellcasting   | 3 |  3.0
Summonings     | 5 6 |  6.2
Dodging        | |  2.6
Stealth        | |  2.1

Action                     |  1- 3 |  4- 6 || total
---------------------------+-------+-------++-------
  Melee: Unarmed           |    84 |       ||    84
         Dagger            |    33 |    29 ||    62
         Quarterstaff      |       |    31 ||    31
         Tailslap          |       |     1 ||     1
   Cast: Summon Small Mamm |    28 |       ||    28
         Call Imp          |     9 |     6 ||    15
         Call Canine Famil |     6 |    18 ||    24
         Summon Guardian G |       |     2 ||     2
  Evoke: Wand              |       |     2 ||     2
 Armour: Robe              |    56 |    16 ||    72
  Dodge: Dodged            |   146 |    64 ||   210
